 Dungeon Sprint DCSS version 0.26-a0-712-ga5a9c9c9d0 (webtiles) character file.

Game seed: 10150140457863151730

56254 tsouns the Executioner (level 14, -16/147 HPs)
             Began as a Hill Orc Fighter on Nov 7, 2020.
             Was the Champion of Makhleb.
             Killed from afar by a tengu reaver (33 damage)
             ... with a bolt of lightning
             ... led by Sojobo
             ... in the Dungeon (Sprint IX: "|||||||||||||||||||||||||||||").
             The game lasted 00:25:29 (4744 turns).

tsouns the Executioner (Hill Orc Fighter)           Turns: 4744, Time: 00:25:30

Health: -16/147    AC: 32    Str: 30    XL:     14   Next: 80%
Magic:  28/28      EV: 14    Int:  8    God:    Makhleb [******]
Gold:   618        SH: 14    Dex: 10    Spells: 13/13 levels left

rFire    . . .     SeeInvis .   m - +4 war axe (freeze)
rCold    . . .     Faith    .   c - +0 kite shield
rNeg     . . .     Spirit   .   C - +2 plate armour
rPois    .         Reflect  .   t - +1 helmet
rElec    .         Harm     .   n - +0 cloak
rCorr    .         Rampage  .   o - +1 pair of gloves
MR       +....     NoTele   +   w - +1 pair of boots
Stlth    ..........             (no amulet)
HPRegen  0.34/turn              r - +2 ring of protection
MPRegen  0.21/turn              A - ring "Jugg" {Str+6 Stlth+}

@: no status effects
A: no striking features
a: Minor Destruction, Lesser Servant of Makhleb, Major Destruction, Greater
Servant of Makhleb, Renounce Religion


You were in the Dungeon.
You worshipped Makhleb.
Makhleb was exalted by your worship.
You visited 1 branch You collected 1922 gold pieces.
You spent 1304 gold pieces at shops.

Inventory:

Hand Weapons
 a - a +0 war axe
 m - a +4 war axe of freezing (weapon)
Missiles
 p - 4 throwing nets (quivered)
Armour
 c - a +0 kite shield (worn)
 n - a +0 cloak (worn)
 o - a +1 pair of gloves (worn)
 t - a +1 helmet (worn)
 w - a +1 pair of boots (worn)
 C - a +2 plate armour (worn)
 D - +0 swamp dragon scales
Jewellery
 r - a +2 ring of protection (left hand)
 v - an uncursed ring of see invisible
 y - an uncursed ring of protection from cold
 A - the ring "Jugg" (right hand) {Str+6 Stlth+}
   (You bought it in a shop in the Dungeon)

   [ring of strength]

   It affects your strength (+6).
   It makes you more stealthy.
 B - an uncursed ring of protection from cold
Wands
 l - a wand of iceblast (2)
Scrolls
 i - 4 scrolls of remove curse
 k - 2 scrolls of amnesia
 s - a scroll of magic mapping
 u - a scroll of fog
 E - a scroll of fear
 F - 2 scrolls of enchant weapon
 G - a scroll of identify
Potions
 b - 2 potions of brilliance
 d - a potion of berserk rage
 e - 8 potions of curing
 f - a potion of heal wounds
 g - 3 potions of mutation
 h - 4 potions of magic
 j - a potion of cancellation
 q - a potion of might
 x - 2 potions of haste


   Skills:
 + Level 19.8 Fighting
 + Level 22.1 Axes
 + Level 18.4 Armour
 + Level 14.2 Dodging
 - Level 15.0 Shields
 + Level 20.5 Invocations


You had 13 spell levels left.
You didn't know any spells.
Your spell library was empty.

Dungeon Overview and Level Annotations

Branches:
Dungeon (1/1)

Altars:
Cheibriados
Dithmenos
Elyvilon
Fedhas
Gozag
Hepliaklqana
Kikubaaqudgha
Makhleb
Nemelex Xobeh
Okawaru
Qazlal
Ru
Sif Muna
Trog
Uskayaw
Vehumet
Wu Jian
Xom
Yredelemnul
Zin
The Shining One
Beogh
Jiyva
Lugonu

Shops:
D :=}*

Annotations:
D Jory, Sojobo


Message History

The bolt of lightning misses the tengu reaver.
The bolt of lightning hits the battlesphere.
The battlesphere completely resists.
Sojobo repels the bolt of lightning!
The bolt of lightning misses the tengu reaver.
The bolt of lightning hits the battlesphere.
The battlesphere completely resists.
The tengu reaver casts a spell at you. The bolt of lightning misses you.
Your plate armour prevents you from hitting the tengu reaver.
The tengu reaver is almost dead.
The tengu reaver points at you and mumbles some strange words.
The bolt of lightning hits you!!
* * * LOW HITPOINT WARNING * * *
A demon appears!
The tengu reaver casts a spell at you. The bolt of lightning hits you!
* * * LOW HITPOINT WARNING * * *
The tengu reaver casts a spell at you. The bolt of lightning hits you!!
You die...

▓.........'......)..
▓.▓▓▓▓▓▓▓▓▓▓▓▓▓▓▓▓▓▓
▓...................
▓▓▓▓▓▓▓▓▓▓▓▓▓▓▓▓▓▓▓▓
▓............'......
▓.▓▓▓▓▓▓▓▓▓▓▓▓▓▓▓▓▓▓
▓.).........†.......
▓▓▓▓▓▓▓▓▓▓▓▓▓▓▓▓▓▓▓▓
▓2.@......'.........
▓Q▓▓▓▓▓▓▓▓▓▓▓▓▓▓▓▓▓▓
▓..*QQ*V. ▓▓▓▓▓▓▓▓▓


You could see a tengu reaver (drained) and a friendly cacodemon (summoned).

Vanquished Creatures
  Gastronok (D)
  Agnes (D)
  A ghost moth (D)
  A vault warden (D)
  A frost giant (D)
  A very ugly thing (D)
  4 ironheart preservers (D)
  2 stone giants (D)
  A spark wasp (D)
  An ettin (D)
  A merfolk impaler (D)
  3 ogre magi (D)
  2 ice dragons (D)
  Harold (D)
  A naga warrior (D)
  2 merfolk avatars (D)
  2 hydras (D)
  2 catoblepae (D)
  An anaconda (D)
  A centaur warrior (D)
  An alligator (D)
  4 death yaks (D)
  A deep troll earth mage (D)
  A tengu warrior (D)
  A naga sharpshooter (D)
  A spriggan berserker (D)
  3 orc high priests (D)
  A deep troll (D)
  2 sea snakes (D)
  2 wizards (D)
  3 ironbrand convokers (D)
  A harpy (shapeshifter) (D)
  3 orc sorcerers (D)
  An ugly thing (D)
  2 wolf spiders (D)
  3 orc knights (D)
  A moth of wrath (D)
  A cyclops (D)
  A manticore (D)
  2 vault sentinels (D)
  4 black mambas (D)
  A gargoyle (D)
  2 cane toads (D)
  A freezing wraith (D)
  A yaktaur (D)
  3 komodo dragons (D)
  A jumping spider (D)
  A merfolk (D)
  A meliai (shapeshifter) (D)
  A wind drake (D)
  A polar bear (D)
  A bog body (D)
  A hornet (shapeshifter) (D)
  A blink frog (D)
  A slime creature (D)
  A water elemental (D)
  A wraith (D)
  2 redbacks (D)
  6 yaks (D)
  2 wyverns (D)
  A fire bat (shapeshifter) (D)
  2 tarantellas (D)
  A basilisk (D)
  A hog (shapeshifter) (D)
  2 nagas (D)
  A water moccasin (D)
  10 orc warriors (D)
  3 swamp drakes (D)
  2 phantoms (D)
  An eye of draining (D)
  A boggart (D)
  4 bullfrogs (D)
  A wight (D)
  A quasit (D)
  3 orc priests (D)
  2 hounds (D)
  2 orc wizards (D)
  An adder skeleton (D)
  A dart slug (D)
  10 orcs (D)
  A bat (D)
  2 bat skeletons (D)
  A hobgoblin (D)
  2 quokkas (D)
  A giant cockroach zombie (D)
  A jackal zombie (D)
  A kobold (D)
  A leopard gecko skeleton (D)
  A rat (D)
159 creatures vanquished.

Vanquished Creatures (collateral kills)
  Rupert (D)
  A very ugly thing (D)
  A stone giant (D)
  2 great orbs of eyes (D)
  A rakshasa (D)
  A deep troll earth mage (D)
  Nergalle (D)
  An orc knight (D)
  An ugly thing (D)
  A vault sentinel (D)
  2 yaktaurs (D)
  3 orc warriors (D)
  A bullfrog (D)
  2 orc priests (D)
  An orc (D)
20 creatures vanquished.

Vanquished Creatures (others)
  A spriggan druid (D)
  A tyrant leech (D)
  A bog body (D)
3 creatures vanquished.

Grand Total: 182 creatures vanquished

Notes
Turn   | Place    | Note
-------+----------+-------------------------------------------
     0 | D        | tsouns the Hill Orc Fighter began the quest for the Orb.
     0 | D        | Reached XP level 1. HP: 19/19 MP: 1/1
     9 | D        | Reached skill level 3 in Axes
    13 | D        | Reached XP level 2. HP: 28/28 MP: 2/2
    19 | D        | Noticed a phantom
    56 | D        | Killed a phantom
    56 | D        | Reached skill level 6 in Axes
    56 | D        | Reached skill level 5 in Armour
    56 | D        | Reached skill level 5 in Shields
    56 | D        | Reached XP level 3. HP: 25/37 MP: 3/3
    56 | D        | Reached XP level 4. HP: 30/44 MP: 4/4
   155 | D        | Found a roughly hewn altar of Beogh.
   155 | D        | Found a snail-covered altar of Cheibriados.
   155 | D        | Found a shadowy altar of Dithmenos.
   155 | D        | Found a white marble altar of Elyvilon.
   155 | D        | Found a blossoming altar of Fedhas.
   155 | D        | Found an opulent altar of Gozag.
   156 | D        | Found a hazy altar of Hepliaklqana.
   157 | D        | Found a viscous altar of Jiyva.
   158 | D        | Found an ancient bone altar of Kikubaaqudgha.
   159 | D        | Found a corrupted altar of Lugonu.
   162 | D        | Found a burning altar of Makhleb.
   163 | D        | Found a sparkling altar of Nemelex Xobeh.
   164 | D        | Found an iron altar of Okawaru.
   165 | D        | Found a stormy altar of Qazlal.
   166 | D        | Found a sacrificial altar of Ru.
   167 | D        | Found a shimmering blue altar of Sif Muna.
   168 | D        | Found a bloodstained altar of Trog.
   169 | D        | Found a hide-covered altar of Uskayaw.
   170 | D        | Found a radiant altar of Vehumet.
   172 | D        | Became a worshipper of Makhleb the Destroyer
   174 | D        | Found an ornate altar of the Wu Jian Council.
   175 | D        | Found a shimmering altar of Xom.
   176 | D        | Found a basalt altar of Yredelemnul.
   177 | D        | Found a glowing silver altar of Zin.
   178 | D        | Found a glowing golden altar of the Shining One.
   230 | D        | Noticed a phantom
   230 | D        | Noticed a yak
   230 | D        | Noticed an orc warrior
   230 | D        | Noticed a bullfrog
   235 | D        | Killed a bullfrog
   235 | D        | Reached skill level 7 in Axes
   235 | D        | Reached skill level 1 in Dodging
   235 | D        | Reached XP level 5. HP: 34/51 MP: 4/7
   238 | D        | Killed an orc warrior
   238 | D        | Reached skill level 8 in Axes
   238 | D        | Reached XP level 6. HP: 26/60 MP: 4/9
   241 | D        | Reached * piety under Makhleb
   249 | D        | Killed a phantom
   249 | D        | Reached skill level 9 in Axes
   249 | D        | Reached skill level 5 in Invocations
   250 | D        | Killed a yak
   250 | D        | Reached ** piety under Makhleb
   250 | D        | Reached XP level 7. HP: 24/69 MP: 5/11
   464 | D        | Noticed a six-headed hydra
   464 | D        | Noticed a tengu warrior
   484 | D        | Killed a tengu warrior
   484 | D        | Reached skill level 10 in Axes
   484 | D        | Reached skill level 5 in Dodging
   484 | D        | Reached XP level 8. HP: 64/79 MP: 11/14
   493 | D        | Reached skill level 10 in Fighting
   499 | D        | Killed a seven-headed hydra
   499 | D        | Reached *** piety under Makhleb
   499 | D        | Reached skill level 11 in Axes
   499 | D        | Reached skill level 10 in Armour
   499 | D        | Reached XP level 9. HP: 86/86 MP: 12/16
   658 | D        | Noticed a polar bear
   658 | D        | Noticed a cane toad
   658 | D        | Noticed a komodo dragon
   658 | D        | Noticed a cane toad
   682 | D        | Reached **** piety under Makhleb
   682 | D        | Reached skill level 10 in Shields
   689 | D        | Killed a cane toad
   689 | D        | Reached skill level 12 in Axes
   695 | D        | Killed a komodo dragon
   695 | D        | Reached skill level 10 in Invocations
   696 | D        | Noticed a komodo dragon
   705 | D        | Killed a cane toad
   723 | D        | Killed a polar bear
   727 | D        | Reached ***** piety under Makhleb
   734 | D        | Killed a komodo dragon
   734 | D        | Reached XP level 10. HP: 40/97 MP: 18/18
   902 | D        | Reached skill level 13 in Axes
   979 | D        | Noticed a six-headed hydra
   984 | D        | Noticed a catoblepas
   985 | D        | Killed a six-headed hydra
   985 | D        | Reached skill level 14 in Axes
   992 | D        | Noticed a catoblepas
  1007 | D        | Killed a catoblepas
  1017 | D        | Killed a catoblepas
  1179 | D        | Noticed a death yak
  1179 | D        | Noticed a death yak
  1195 | D        | Killed a death yak
  1195 | D        | Reached ****** piety under Makhleb
  1195 | D        | Reached skill level 15 in Axes
  1196 | D        | Noticed a death yak
  1199 | D        | Noticed a death yak
  1202 | D        | Reached XP level 11. HP: 106/106 MP: 20/20
  1228 | D        | Killed a death yak
  1239 | D        | Killed a death yak
  1255 | D        | Killed a death yak
  1255 | D        | Reached skill level 16 in Axes
  1512 | D        | Noticed an orc sorcerer
  1531 | D        | Killed an orc sorcerer
  1808 | D        | Noticed an orc knight
  1829 | D        | Killed an orc knight
  1879 | D        | Found Zivve's Assorted Antiques.
  1879 | D        | Noticed an orc sorcerer
  1879 | D        | Noticed an orc high priest
  1879 | D        | Noticed an orc high priest
  1880 | D        | Noticed a soul eater
  1882 | D        | Noticed a sixfirhy
  1885 | D        | Noticed a sixfirhy
  1885 | D        | Killed an orc high priest
  1885 | D        | Killed an orc sorcerer
  1887 | D        | Noticed an orc knight
  1888 | D        | Noticed an orc sorcerer
  1892 | D        | Killed an orc high priest
  1893 | D        | Found Guginguw's Gadget Shop.
  1905 | D        | Noticed an orc knight
  1909 | D        | Noticed an orc high priest
  1917 | D        | Killed an orc knight
  1917 | D        | Reached skill level 17 in Axes
  2294 | D        | Killed an orc sorcerer
  2294 | D        | Reached XP level 12. HP: 118/118 MP: 22/22
  2314 | D        | Noticed a sun demon
  2316 | D        | Reached skill level 10 in Dodging
  2320 | D        | Killed an orc high priest
  2325 | D        | Found Edeag's Jewellery Boutique.
  2337 | D        | Found Enarrala's Book Shop.
  2340 | D        | Bought a scroll labeled NEASEO AK EBB for 32 gold pieces
  2340 | D        | Bought 2 potions of curing for 192 gold pieces
  2340 | D        | Bought a fizzy golden potion for 28 gold pieces
  2340 | D        | Bought a scroll labeled OCLISSU FUHU for 32 gold pieces
  2340 | D        | Bought a scroll of identify for 64 gold pieces
  2349 | D        | Bought the ring "Jugg" {Str+6 Stlth+} for 956 gold pieces
  2417 | D        | Noticed Harold
  2430 | D        | Killed Harold
  2633 | D        | Noticed a deep troll earth mage
  2636 | D        | Reached skill level 15 in Invocations
  2641 | D        | Reached skill level 15 in Fighting
  2657 | D        | Killed a deep troll earth mage
  2677 | D        | Noticed a rakshasa
  2690 | D        | Killed a rakshasa
  3071 | D        | Noticed Rupert
  3080 | D        | Killed Rupert
  3080 | D        | Reached skill level 18 in Axes
  3129 | D        | Noticed a merfolk impaler
  3182 | D        | Killed a merfolk impaler
  3218 | D        | Noticed a merfolk avatar
  3230 | D        | Noticed a merfolk avatar
  3237 | D        | Killed a merfolk avatar
  3252 | D        | Killed a merfolk avatar
  3252 | D        | Reached XP level 13. HP: 128/128 MP: 25/25
  3272 | D        | Noticed a spark wasp
  3276 | D        | Reached skill level 15 in Armour
  3276 | D        | Reached skill level 15 in Shields
  3300 | D        | Killed a spark wasp
  3301 | D        | Killed a ghost moth
  3301 | D        | Reached skill level 19 in Axes
  3844 | D        | Noticed Agnes
  3861 | D        | Killed Agnes
  3910 | D        | Noticed Gastronok
  3924 | D        | Killed Gastronok
  3924 | D        | Reached skill level 20 in Axes
  3940 | D        | Noticed Nergalle
  3959 | D        | Killed Nergalle
  3996 | D        | Noticed a great orb of eyes
  3996 | D        | Noticed a stone giant
  3996 | D        | Noticed an ettin
  3996 | D        | Noticed an ogre mage
  3998 | D        | Noticed a red very ugly thing
  4002 | D        | Killed an ogre mage
  4012 | D        | Killed an ettin
  4017 | D        | Noticed a great orb of eyes
  4032 | D        | Killed a stone giant
  4032 | D        | Reached XP level 14. HP: 112/143 MP: 21/27
  4035 | D        | Noticed a stone giant
  4047 | D        | Noticed a green very ugly thing
  4053 | D        | Killed a red very ugly thing
  4054 | D        | Killed a stone giant
  4065 | D        | Killed a green very ugly thing
  4575 | D        | Noticed a frost giant
  4582 | D        | Killed a frost giant
  4586 | D        | Reached skill level 21 in Axes
  4593 | D        | Noticed an ironheart preserver
  4610 | D        | Noticed an ironheart preserver
  4611 | D        | Killed an ironheart preserver
  4631 | D        | Noticed a vault warden
  4632 | D        | Killed an ironheart preserver
  4635 | D        | Noticed a stone giant
  4638 | D        | Noticed an ironheart preserver
  4652 | D        | Killed a vault warden
  4669 | D        | Killed an ironheart preserver
  4669 | D        | Killed a stone giant
  4671 | D        | Reached skill level 22 in Axes
  4671 | D        | Noticed an ironheart preserver
  4691 | D        | Killed an ironheart preserver
  4733 | D        | Noticed Sojobo
  4733 | D        | Noticed a tengu reaver
  4734 | D        | Noticed a tengu reaver
  4739 | D        | Noticed Jory
  4744 | D        | Killed from afar by a tengu reaver

Illustrated notes

Levels and vault maps discovered:
D:        linesprint [early_d, line_temple, items_1, d_10, items_2, lair_1,
          lair_end, items_3, orc_1, orc_end, items_4, d_15, swamp_1, shoals_1,
          snake_1, spider_1, d_20, vaults_1, items_5, swamp_end, shoals_end,
          snake_end, spider_end, vaults_end, d_27, items_6, zot_1, zot_end,
          crypt_end, forest_end, elf_end, slime_end, tomb_end, abyss_end,
          pan_hell_end]

Skill      XL: |  1  2  3  4  5  6  7  8  9 10 11 12 13 14 |
---------------+-------------------------------------------+-----
Fighting       | 4 6 7 8 9 10 11 12 14 16 18 19 | 19.8
Axes           | 3 6 7 8 9 10 11 12 15 17 18 20 22 | 22.1
Shields        | 4 5 6 8 9 10 12 13 14 15 | 15.0
Armour         | 5 6 7 8 9 10 11 12 13 14 16 18 | 18.4
Dodging        | 1 2 4 5 6 7 8 9 11 12 14 | 14.2
Invocations    | 2 4 6 8 9 11 12 14 16 18 20 | 20.5

Action                   |  1- 3 |  4- 6 |  7- 9 | 10-12 | 13-15 || total
-------------------------+-------+-------+-------+-------+-------++-------
Melee: War axe           |    35 |    19 |    53 |   281 |   291 ||   679
Throw: Throwing net      |       |       |       |     2 |       ||     2
Invok: Minor Destruction |       |       |     1 |       |       ||     1
       Lesser Servant of |       |       |     2 |     6 |     7 ||    15
       Major Destruction |       |       |       |    27 |    24 ||    51
       Greater Servant o |       |       |       |     3 |     2 ||     5
Evoke: Wand              |       |       |     8 |       |       ||     8
  Use: Potion            |     3 |     1 |     2 |     2 |     1 ||     9
       Scroll            |       |       |     1 |     8 |     1 ||    10
 Stab: Invisible         |       |     4 |       |       |       ||     4
       Held in net/web   |       |       |       |     2 |       ||     2
       Confused          |       |       |       |       |     4 ||     4
       Distracted        |       |       |       |       |     1 ||     1
Armor: Scale mail        |     9 |       |       |       |       ||     9
       Chain mail        |       |     9 |    27 |    31 |       ||    67
       Plate armour      |       |       |       |    42 |    86 ||   128
Dodge: Dodged            |     9 |     3 |    11 |    53 |    60 ||   136
Block: Kite shield       |    16 |     7 |    25 |   122 |    89 ||   259

Table legend: (Time is in decaauts)
 A = Elapsed time spent in this place.
 B = Non-inter-level travel time spent in this place.
 C = Inter-level travel time spent in this place.
 D = Time resting spent in this place.
 E = Time spent auto-exploring this place.
 F = Levels seen in this place.
 G = Mean time per level.
                   A        B        C        D        E       F      G
               +--------+--------+--------+--------+--------+-----+--------+
         Total |   4622 |   4622 |      0 |   2176 |    977 |   1 | 4622.0 |
       Dungeon |   4622 |   4622 |      0 |   2176 |    977 |   1 | 4622.0 |
               +--------+--------+--------+--------+--------+-----+--------+

Top non-repeatable levels by time:
       D: 4622 daAuts
